 Dungeon Sprint DCSS version 0.25.1-2-g60ff931df9 (webtiles) character file.

Game seed: 314459264279282429

450 raphialitos the Protected (level 6, -7/66 HPs)
             Began as a Deep Dwarf Fighter on Oct 16, 2020.
             Was an Initiate of Elyvilon.
             Mangled by a slime creature (8 damage)
             ... in the Dungeon (Sprint I: "Red Sonja").
             The game lasted 00:01:21 (373 turns).

raphialitos the Protected (Deep Dwarf Fighter)       Turns: 373, Time: 00:01:21

Health: -7/66      AC: 11    Str: 21    XL:     6   Next: 74%
Magic:  6/6        EV:  7    Int:  9    God:    Elyvilon [......]
Gold:   311        SH: 11    Dex: 12    Spells: 5/5 levels left

rFire    . . .     SeeInvis .   a - +0 war axe
rCold    . . .     Gourm    .   c - +0 kite shield
rNeg     . . .     Faith    .   l - +0 chain mail
rPois    .         Spirit   .   (no helmet)
rElec    .         Reflect  .   (no cloak)
rCorr    .         Harm     .   (no gloves)
MR       .....     NoTele   +   (no boots)
Stlth    ..........             (no amulet)
HPRegen  0.00/turn              (no ring)
MPRegen  0.10/turn              (no ring)

@: non-regenerating
A: damage resistance, heal wounds, sense surroundings 1, no regeneration
a: Heal Wounds, Renounce Religion


You were in the Dungeon.
You worshipped Elyvilon.
Elyvilon was noncommittal.
You were not hungry.

You visited 1 branch You collected 311 gold pieces.

Inventory:

Hand Weapons
 a - a +0 war axe (weapon)
Armour
 b - a +0 scale mail
 c - a +0 kite shield (worn)
 l - a +0 chain mail (worn)
Scrolls
 k - a scroll of blinking
Potions
 h - a potion of haste
 i - 2 potions of magic
 j - a potion of berserk rage
Comestibles
 d - 4 chunks of flesh
 f - a ration


   Skills:
 + Level 7.2 Fighting
 + Level 7.9 Axes
 + Level 8.7 Armour
 + Level 2.3 Dodging
 + Level 8.5 Shields


You had 5 spell levels left.
You didn't know any spells.
Your spell library was empty.

Dungeon Overview and Level Annotations

Branches:
Dungeon (1/1)

Altars:
Cheibriados
Dithmenos
Elyvilon
Fedhas
Gozag
Hepliaklqana
Kikubaaqudgha
Makhleb
Nemelex Xobeh
Okawaru
Qazlal
Ru
Sif Muna
Trog
Uskayaw
Vehumet
Wu Jian
Xom
Yredelemnul
Zin
The Shining One
Jiyva
Lugonu

Shops:
D :


Innate Abilities, Weirdness & Mutations

You are resistant to damage.
You can heal yourself by infusing magical energy.
You passively map a small area around you.
You do not regenerate.


Message History

The slime creature is lightly wounded.
The slime creature hits you!
* * * LOW HITPOINT WARNING * * *
Your chain mail prevents you from hitting the slime creature.
The slime creature is lightly wounded.
You block the slime creature's attack.
You barely miss the slime creature.
The slime creature is lightly wounded.
The slime creature hits you but does no damage.
You slash the slime creature!
The slime creature is moderately wounded.
The slime creature hits you. The slime creature hits you!
* * * LOW HITPOINT WARNING * * *
You slash the slime creature!
The slime creature is heavily wounded.
You block the slime creature's attack.
You slash the slime creature!
The slime creature is severely wounded.
The slime creature hits you!
You die...

###################
*
#<.#..').#..§..#J_#
#..'..#..').#§§§@.+
, *
#..#####'#####§#__#
* ,
#..####..#...#§####,
#..#__####..##.# ≈ ,
* #..#_____##'#_.+
≈≈,
#⌠⌠#_.∩...÷..._#≈ ≈
* ####_..__##_.#'# *
* #_____###+#.# , *
####### ,###


You could see a slime creature.

Vanquished Creatures
  Sigmund (D)
  A yak (D)
  An ogre (D)
  A jelly (D)
  Ijyb (D)
5 creatures vanquished.

Notes
Turn   | Place    | Note
-------+----------+-------------------------------------------
     0 | D        | raphialitos the Deep Dwarf Fighter began the quest for the
                  | Orb.
     0 | D        | Reached XP level 1. HP: 20/20 MP: 1/1
   202 | D        | Noticed Ijyb
   223 | D        | Killed Ijyb
   223 | D        | Reached XP level 2. HP: 30/30 MP: 2/2
   237 | D        | Noticed an ogre
   241 | D        | Killed an ogre
   241 | D        | Reached skill level 5 in Fighting
   241 | D        | Reached skill level 1 in Dodging
   241 | D        | Reached XP level 3. HP: 25/39 MP: 3/3
   241 | D        | Reached XP level 4. HP: 30/46 MP: 4/4
   252 | D        | Noticed Sigmund
   262 | D        | Killed Sigmund
   262 | D        | Reached XP level 5. HP: 48/56 MP: 5/5
   262 | D        | Reached XP level 6. HP: 54/63 MP: 6/6
   276 | D        | Found an ornate altar of the Wu Jian Council.
   276 | D        | Found a shimmering blue altar of Sif Muna.
   278 | D        | Found a radiant altar of Vehumet.
   307 | D        | Found Lyopha's Book Emporium.
   307 | D        | Found an ancient bone altar of Kikubaaqudgha.
   307 | D        | Found a hazy altar of Hepliaklqana.
   307 | D        | Found a stormy altar of Qazlal.
   307 | D        | Found a hide-covered altar of Uskayaw.
   307 | D        | Found a blossoming altar of Fedhas.
   307 | D        | Found a bloodstained altar of Trog.
   307 | D        | Found an iron altar of Okawaru.
   307 | D        | Found a basalt altar of Yredelemnul.
   307 | D        | Found a glowing golden altar of the Shining One.
   307 | D        | Found a snail-covered altar of Cheibriados.
   307 | D        | Found a sacrificial altar of Ru.
   307 | D        | Found a glowing silver altar of Zin.
   307 | D        | Found a shadowy altar of Dithmenos.
   307 | D        | Found a white marble altar of Elyvilon.
   307 | D        | Noticed a yak
   317 | D        | Killed a yak
   318 | D        | Found an opulent altar of Gozag.
   319 | D        | Found a sparkling altar of Nemelex Xobeh.
   337 | D        | Became a worshipper of Elyvilon the Healer
   362 | D        | Found a burning altar of Makhleb.
   362 | D        | Found a shimmering altar of Xom.
   362 | D        | Noticed a slime creature
   363 | D        | Found a viscous altar of Jiyva.
   363 | D        | Found a corrupted altar of Lugonu.
   371 | D        | HP: 1/66 [slime creature (7)]
   373 | D        | Mangled by a slime creature

Illustrated notes

Levels and vault maps discovered:
D:        dungeon_sprint_1 [red_sonja_temple_1, red_sonja_temple_small_1]

Skill      XL: |  1  2  3  4  5  6 |
---------------+-------------------+-----
Fighting       | 3 5 6 7 |  7.2
Axes           | 3 4 6 7 |  7.9
Armour         | 4 6 7 8 |  8.7
Shields        | 4 6 7 8 |  8.5
Dodging        | 1 2 |  2.3

Action                   |  1- 3 |  4- 6 || total
-------------------------+-------+-------++-------
Melee: War axe           |    23 |    30 ||    53
  Use: Potion            |     1 |     2 ||     3
       Scroll            |       |     1 ||     1
Armor: Scale mail        |    10 |       ||    10
       Chain mail        |       |     7 ||     7
Dodge: Dodged            |     8 |     7 ||    15
Block: Kite shield       |    10 |     7 ||    17
